 Dungeon Crawl Stone Soup version 0.30-b1-2-g02819fbbbe (webtiles) character file.

Game seed: 14626106745162890609

5397 Metae the Protected (level 10, -2/91 HPs)
             Began as a Minotaur Fighter on June 14, 2023.
             Was an Elder of Okawaru.
             Slain by a death yak (12 damage)
             ... on level 8 of the Dungeon.
             The game lasted 00:23:31 (8744 turns).

Metae the Protected (Minotaur Fighter)              Turns: 8744, Time: 00:23:32

Health: -2/91      AC: 23    Str: 26    XL:     10   Next: 40%
Magic:  13/13      EV: 14    Int:  5    God:    Okawaru [****..]
Gold:   383        SH:  6    Dex:  9    Spells: 9/9 levels left

rFire   . . .        F - +3 flail
rCold   . . .        c - +0 buckler
rNeg    . . .        N - +0 plate armour
rPois   .            (helmet restricted)
rElec   .            (no cloak)
rCorr   .            h - +0 pair of gloves
SInv    .            t - +0 pair of boots
Will    .....        s - amulet of magic regeneration Stlth
                     a - +4 ring of protection
HPRegen 0.35/turn    u - +5 ring of evasion
MPRegen 0.53/turn

%: no passive effects
@: about to teleport, heroic
A: horns 2, retaliatory headbutt
a: Renounce Religion, Heroism, Finesse


You were on level 8 of the Dungeon.
You worshipped Okawaru.
Okawaru was greatly pleased with you.
You visited 2 branches of the dungeon, and saw 10 of its levels.

You collected 383 gold pieces.

Inventory:

Hand Weapons
 F - a +3 flail (weapon)
 I - a +0 sling
 Q - the +9 hand axe "Kuim" {venom, Int+6}
   (You found it on level 7 of the Dungeon)

   Int:       It affects your intelligence (+6).
Missiles
 n - 36 stones (quivered)
 y - 4 javelins
 G - 2 boomerangs
 K - a throwing net
Armour
 c - a +0 buckler (worn)
 h - a +0 pair of gloves (worn)
 t - a +0 pair of boots (worn)
 N - a +0 plate armour (worn)
Jewellery
 a - a +4 ring of protection (left hand)
 k - a ring of protection from cold
 s - an amulet of magic regeneration (around neck)
 u - a +5 ring of evasion (right hand)
 w - a +6 ring of intelligence
Wands
 b - a wand of iceblast (13)
 v - a wand of flame (19)
 L - a wand of quicksilver (9)
Scrolls
 e - a scroll of teleportation
 g - 2 scrolls of fog
 j - 2 scrolls of noise
 l - a scroll of immolation
 m - a scroll of enchant weapon
 D - 2 scrolls of enchant armour
 H - a scroll of brand weapon {unknown}
 J - 2 scrolls of amnesia
 O - a scroll of vulnerability {unknown}
 S - a scroll of acquirement {unknown}
 T - a scroll of magic mapping {unknown}
Potions
 d - a potion of might
 i - 2 potions of attraction {unknown}
 o - 3 potions of lignification
 p - a potion of ambrosia {unknown}
 q - a potion of mutation {unknown}
 r - 2 potions of degeneration {unknown}
 x - 2 potions of flight {unknown}
 z - a potion of brilliance {unknown}
 A - a potion of invisibility {unknown}
 B - 5 potions of curing
 C - a potion of heal wounds {unknown}
 E - a potion of cancellation {unknown}
 M - a potion of resistance {unknown}
 P - a potion of berserk rage {unknown}
 R - a potion of magic {unknown}


   Skills:
 + Level 9.5(14.5) Fighting
 + Level 9.1(14.1) Maces & Flails
 + Level 9.6(14.6) Armour
 - Level 5.2(10.2) Shields
 + Level 6.4 Invocations
 + Level 4.4 Evocations


You had 9 spell levels left.
You didn't know any spells.
Your spell library contained the following spells:

 Spells                   Type           Power      Damage    Failure   Level
 Kiss of Death            Conj/Necr      0%         2d5       99%         1
 Confusing Touch          Hex            0%         N/A       100%        3
 Gell's Gravitas          Tloc           0%         N/A       100%        3
 Ozocubu's Armour         Ice            0%         N/A       100%        3
 Teleport Other           Tloc           0%         N/A       100%        3
 Dispel Undead            Necr           0%         3d6       100%        4
 Dispersal                Tloc           0%         N/A       100%        6
 Ozocubu's Refrigeration  Ice            0%         4d7       100%        7


Dungeon Overview and Level Annotations

Branches:
Dungeon (9/15)             Temple (1/1) D:4
   Lair: D:8-11         Orc: D:9-12

Altars:
Ashenzari
Cheibriados
Dithmenos
Elyvilon
Fedhas
Hepliaklqana
Kikubaaqudgha
Makhleb
Nemelex Xobeh
Okawaru
Sif Muna
Trog
Uskayaw
Vehumet
Wu Jian
Zin

Shops:
D:8 !

Annotations:
D:7 3 runed translucent doors, dxctxrx's ghost, novice DjFE


Innate Abilities, Weirdness & Mutations

You have a pair of horns on your head.
You reflexively headbutt those who attack you in melee.


Message History

You barely miss the death yak.
The death yak is moderately wounded.
You hit the death yak but do no damage.
The death yak is moderately wounded.
The death yak barely misses you. The death yak gores you.
You hit the death yak but do no damage.
The death yak is moderately wounded.
The death yak misses you. The death yak gores you!
You completely miss the death yak.
The death yak is moderately wounded.
The death yak gores you. You block the death yak's attack.
You hit the death yak.
The death yak is moderately wounded.
You sock the death yak! You headbutt the death yak.
The death yak is heavily wounded.
The death yak gores you!! The death yak barely misses you.
You furiously retaliate!
You headbutt the death yak! You sock the death yak!
The death yak is severely wounded.
The death yak gores you! The death yak barely misses you.
You hit the death yak but do no damage.
The death yak is severely wounded.
You block the death yak's attack. The death yak gores you!
* * * LOW HITPOINT WARNING * * *
You hit the death yak.
The death yak is severely wounded.
You hit the death yak but do no damage.
You headbutt the death yak, but do no damage.
The death yak is severely wounded.
The death yak closely misses you. The death yak gores you!
* * * LOW HITPOINT WARNING * * *
You feel better.
The death yak gores you but does no damage.
The death yak gores you.
* * * LOW HITPOINT WARNING * * *
As you read the scroll of teleportation, it crumbles to dust.
You feel strangely unstable.
The death yak gores you but does no damage.
The death yak gores you!
You die...

#.# #.# ########.###
#.# ...........# #.#
########.#.# #.#
.........#.# #.#
########.#.# #.#
##.......#.# #.#
.........#.#######.#
[.............YY@#.#
.#######.#.#####Y#.#
.#######.#.# #Y#.#
.........#.# #.#.#
##########.# #.#.#
...........#####.#.#
##...............#.#
#.#############.#.#
#.#...............#


You could see 2 death yaks and 2 yaks.

Vanquished Creatures
  2 death yaks (D:8)
  Joseph (D:7)
  Prince Ribbit (D:8)
  Grinder (D:3)
  5 yaks (D:8)
  Menkaure (D:6)
  2 water moccasins (D:6)
  Duvessa (D:5)
  2 orc warriors
  2 sky beasts (D:7)
  3 ice beasts
  A black bear (D:6)
  2 centaurs
  A phantom (D:6)
  A scorpion (D:5)
  9 wights
  Dowan (D:4)
  2 howler monkeys
  6 jellies
  5 hounds
  3 orc priests (D:5)
  2 gnoll boudas
  Jessica (D:2)
  Terence (D:3)
  A sleepcap (D:4)
  An orc wizard (D:8)
  7 gnolls
  6 adders
  A white imp (D:7)
  2 ufetubi (D:6)
  A worm (D:3)
  A dart slug (D:5)
  14 orcs
  2 bats
  7 endoplasms
  3 giant cockroaches
  6 goblins
  6 hobgoblins
  3 jackals (D:1)
  5 kobolds
  5 quokkas
  2 ball pythons (D:3)
  3 frilled lizards
  9 rats
141 creatures vanquished.

Vanquished Creatures (others)
  2 plants (D:4)
2 creatures vanquished.

Grand Total: 143 creatures vanquished

Notes
Turn   | Place    | Note
-------+----------+-------------------------------------------
     0 | D:1      | Metae the Minotaur Fighter began the quest for the Orb.
     0 | D:1      | Reached XP level 1. HP: 19/19 MP: 0/0
   216 | D:1      | Reached XP level 2. HP: 27/27 MP: 1/1
  1256 | D:2      | Reached XP level 3. HP: 33/33 MP: 2/2
  1327 | D:2      | Noticed Jessica
  1330 | D:2      | Killed Jessica
  1662 | D:3      | Reached XP level 4. HP: 24/41 MP: 3/3
  1821 | D:3      | Noticed Terence
  1826 | D:3      | Killed Terence
  2078 | D:3      | Noticed Grinder
  2085 | D:3      | Paralysed by Grinder for 4 turns
  2103 | D:3      | Killed Grinder
  2104 | D:3      | Reached skill level 5 in Fighting
  2104 | D:3      | Reached skill level 5 in Armour
  2104 | D:3      | Reached skill level 5 in Shields
  2104 | D:3      | Reached XP level 5. HP: 33/48 MP: 4/4
  2104 | D:3      | Reached XP level 6. HP: 39/56 MP: 5/5
  2787 | D:4      | Found a white marble altar of Elyvilon.
  2964 | D:4      | Found a staircase to the Ecumenical Temple.
  2974 | Temple   | Entered the Ecumenical Temple
  3031 | Temple   | Became a worshipper of Warmaster Okawaru
  3229 | D:4      | Noticed an ice beast
  3249 | D:4      | Killed an ice beast
  3250 | D:4      | Reached skill level 1 in Evocations
  3271 | D:4      | Reached skill level 1 in Invocations
  3497 | D:5      | Entered Level 5 of the Dungeon
  3504 | D:5      | Noticed Duvessa
  3504 | D:5      | Noticed Dowan
  3516 | D:5      | Killed Duvessa
  3516 | D:5      | Reached * piety under Okawaru
  3517 | D:5      | Reached skill level 5 in Maces & Flails
  3517 | D:5      | Reached XP level 7. HP: 38/62 MP: 5/7
  5051 | D:4      | Killed Dowan
  5052 | D:4      | Reached XP level 8. HP: 67/71 MP: 8/8
  5326 | D:6      | Reached ** piety under Okawaru
  5731 | D:6      | Found a shimmering blue altar of Sif Muna.
  5862 | D:6      | Noticed Menkaure
  5866 | D:6      | Killed Menkaure
  6148 | D:6      | Reached XP level 9. HP: 70/80 MP: 11/11
  6163 | D:6      | Reached *** piety under Okawaru
  6410 | D:7      | Noticed Joseph
  6565 | D:7      | Killed Joseph
  6583 | D:7      | Found a runed translucent gate.
  6583 | D:7      | Found a runed translucent gate.
  6583 | D:7      | Found a runed translucent gate.
  6585 | D:7      | Noticed dxctxrx's ghost (novice DjFE)
  6711 | D:7      | Reached skill level 5 in Invocations
  6802 | D:7      | Noticed a +0 spear
  6803 | D:7      | Noticed a +0 short sword
  6803 | D:7      | Noticed a +0 dagger
  6803 | D:7      | Noticed a +0 falchion
  6803 | D:7      | Noticed a +0 short sword
  6803 | D:7      | Noticed a +0 spear
  6805 | D:7      | Noticed a +0 dagger
  6806 | D:7      | Noticed a +0 falchion
  6812 | D:7      | Identified the +9 hand axe "Kuim" {venom, Int+6}
  6819 | D:7      | Found a hide-covered altar of Uskayaw.
  7502 | D:8      | Noticed Prince Ribbit
  7519 | D:8      | Killed Prince Ribbit
  7519 | D:8      | Reached **** piety under Okawaru
  8033 | D:8      | Found Oxkehaat's Distillery.
  8463 | D:9      | Noticed a death yak
  8463 | D:9      | Noticed a death yak
  8463 | D:9      | Noticed a death yak
  8481 | D:8      | Killed a death yak
  8482 | D:8      | Reached XP level 10. HP: 44/91 MP: 13/13
  8617 | D:9      | Noticed a death yak
  8617 | D:9      | Noticed a death yak
  8633 | D:8      | Killed a death yak
  8653 | D:8      | Received a gift from Okawaru
  8742 | D:8      | HP: 4/91 [death yak (17)]
  8744 | D:8      | Slain by a death yak

Illustrated notes

Levels and vault maps discovered:
D:1:      heliophobic_arrival_ceremonial_halls, layout_loops_ring,
          hangedman_decor_push
D:2:      layout_loops_corners, uniq_jessica
D:3:      layout_loops_ring, grunt_ministairs_6, st_stairs_11, uniq_grinder,
          uniq_terence
D:4:      kennysheep_big_flooded_room, layout_rooms,
          mainiacjoe_overflow_catwalk, minmay_temple_entry_butterflies,
          serial_forest, infiniplex_forest_clump_diagonal,
          infiniplex_forest_clump_C, infiniplex_forest_lined_2,
          infiniplex_forest_end_1, infiniplex_forest_clump_diagonal,
          infiniplex_forest_lined_2, infiniplex_forest_corner_1,
          infiniplex_forest_clump_diagonal
D:5:      layout_cave_pools, minmay_a_box_with_orc_wizards_in_it, uniq_duvessa
D:6:      layout_cave_pods, mainiacjoe_overflow_alcove_1, uniq_menkaure
D:7:      layout_loops_ring, nicolae_uskayaw_en_pointe, gammafunk_ghost_split,
          minmay_misc_feat_iff, uniq_joseph
D:8:      layout_basic, serial_shops, nicolae_shop_window_shopping,
          uniq_prince_ribbit1
D:9:      layout_irregular_city, dpeg_lair_monsters, orc_0_dummy,
          ebering_ghost_gozag
Temple:   compressed_dpeg_triangle_lava_temple

Skill      XL: |  1  2  3  4  5  6  7  8  9 10 |
---------------+-------------------------------+-----
Fighting       | 4 5 6 7 9 |  9.5
Armour         | 4 5 6 7 9 |  9.6
Maces & Flails | 3 4 5 7 8 9 |  9.1
Shields        | 4 5 |  5.2
Evocations     | 1 2 3 4 |  4.4
Invocations    | 1 2 4 5 6 |  6.4

Action                     |  1- 3 |  4- 6 |  7- 9 | 10-12 || total
---------------------------+-------+-------+-------+-------++-------
  Melee: Flail             |    53 |    86 |   232 |    47 ||   418
         Headbutt          |     6 |    12 |    37 |    11 ||    66
  Throw: Stone             |       |     8 |     5 |       ||    13
 Invoke: Heroism           |       |       |       |     2 ||     2
  Evoke: Wand              |       |       |     1 |       ||     1
    Use: Scroll            |       |     2 |     9 |     2 ||    13
         Potion            |       |       |       |     1 ||     1
 Armour: Scale mail        |    21 |     5 |       |       ||    26
         Chain mail        |       |    37 |    83 |       ||   120
         Plate armour      |       |       |    44 |    10 ||    54
  Dodge: Dodged            |    20 |    28 |   147 |    27 ||   222
  Block: Buckler           |    15 |    22 |    44 |    12 ||    93
